 Dungeon Crawl Stone Soup version 0.20-a0-1126-g0f15420 (webtiles) character file.

100 HAL9000 the Slasher (level 4, 0/26 HPs)
             Began as a Gargoyle Gladiator on May 17, 2017.
             Slain by a water moccasin (1 damage)
             ... on level 2 of the Dungeon.
             The game lasted 00:03:04 (1605 turns).

HAL9000 the Slasher (Gargoyle Gladiator)            Turns: 1605, Time: 00:03:06

Health: 0/26       AC:  7    Str: 18    XL:     4   Next: 73%
Magic:  4/4        EV:  9    Int:  9    God:
Gold:   123        SH:  9    Dex: 11    Spells: 3/3 levels left

rFire    . . .     SeeInvis .   a - +0 long sword
rCold    . . .     Gourm    .   n - +2 shield
rNeg     + . .     Faith    .   b - +0 leather armour
rPois    ∞         Spirit   .   c - +0 helmet
rElec    +         Reflect  .   (no cloak)
rCorr    .         Harm     .   (no gloves)
MR       .....                  (no boots)
Stlth    +.........             (no amulet)
Regen    0.1/turn               (no ring)
MPRegen  0.1/turn               (no ring)

@: hasted, very quick
A: negative energy resistance 1, electricity resistance, unbreathing,
petrification resistance, rot immunity, AC +3
a: no special abilities


You were on level 2 of the Dungeon.
You were not hungry.

You visited 1 branch of the dungeon, and saw 3 of its levels.

You collected 123 gold pieces.

Inventory:

Hand Weapons
 a - a +0 long sword (weapon)
Missiles
 d - 4 throwing nets (quivered)
Armour
 b - a +0 leather armour (worn)
 c - a +0 helmet (worn)
 n - a +2 shield (worn)
Scrolls
 g - 3 scrolls of remove curse {unknown}
 h - 5 scrolls of identify {unknown}
 i - a scroll of blinking {unknown}
 j - a scroll of immolation {unknown}
Potions
 l - a potion of brilliance {unknown}
 m - a potion of curing {unknown}
Comestibles
 f - 3 bread rations


   Skills:
 - Level 2.1 Fighting
 * Level 4.7 Long Blades
 - Level 1.7 Throwing
 - Level 2.4 Dodging
 + Level 0.4 Shields


You had 3 spell levels left.
You didn't know any spells.

Dungeon Overview and Level Annotations

Branches:
Dungeon (3/15)

Altars:


Innate Abilities, Weirdness & Mutations

You are resistant to torment.
Your stone body is resilient. (AC +3)
You are immune to poison.
You resist negative energy. (rN+)
You are resistant to electric shocks. (rElec)
You can survive without breathing.
You are immune to petrification.
You are immune to rotting.


Message History

Okay, then.
Your shield prevents you from hitting the water moccasin.
The water moccasin is heavily wounded.
The water moccasin bites you! The water moccasin misses you.
You slash the water moccasin!
The water moccasin is almost dead.
The water moccasin bites you!
* * * LOW HITPOINT WARNING * * *
The water moccasin misses you.
You riposte.
You miss the water moccasin.
The water moccasin is almost dead.
Unknown command.
It was a potion of haste.
You feel yourself speed up. The water moccasin closely misses you.
You miss the water moccasin.
The water moccasin is severely wounded.
The water moccasin completely misses you.
You closely miss the water moccasin.
The water moccasin is severely wounded.
You block the water moccasin's attack. The water moccasin bites you.
You die...

..# #..........#............#
..# #..........#............#
..# #..........##...........#
..# #..........##...........#
..###########(.#+###...........#
...........##(.#.###...........#
...........##(.#...............#
...........##..#.###.###########
...........##.)#@# #.#
...........###.#S# #.#
...........)....g# #.#########
........<.÷......# #.........#
#####.........#..# #.........#
#.........+.># ##...(....#
#.........#### #........#
#.........# #........####
#.........# #........#(..


You could see a water moccasin and a goblin.

Vanquished Creatures
  2 adders (D:2)
  A worm (D:2)
  2 dart slugs (D:2)
  4 leopard geckos
  A ball python (D:1)
  17 giant cockroaches
  3 goblins (D:2)
  7 hobgoblins
  3 jackals (D:2)
  8 kobolds
  5 bats
  7 frilled lizards
  3 rats
63 creatures vanquished.

Notes
Turn   | Place    | Note
-------+----------+-------------------------------------------
     0 | D:1      | HAL9000 the Gargoyle Gladiator began the quest for the Orb.
     0 | D:1      | Reached XP level 1. HP: 12/12 MP: 1/1
    72 | D:1      | Reached skill level 3 in Long Blades
   104 | D:1      | Reached XP level 2. HP: 17/17 MP: 2/2
   560 | D:1      | Reached XP level 3. HP: 21/21 MP: 3/3
   898 | D:2      | Reached skill level 4 in Long Blades
  1116 | D:2      | Reached XP level 4. HP: 15/26 MP: 4/4
  1585 | D:3      | Noticed a water moccasin
  1602 | D:2      | HP: 1/26 [water moccasin (7)]
  1605 | D:2      | Slain by a water moccasin

Vault maps used:
D:1:      matt_arrival_los_fun
D:2:      minmay_roachtagon
D:3:      uniq_crazy_yiuf_cottage, uniq_robin

Skill      XL: |  1  2  3 |
---------------+----------+-----
Long Blades    | 3 4 |  4.7
Fighting       | |  2.1
Throwing       | |  1.7
Dodging        | |  2.4
Shields        | |  0.4

Action                   |  1- 3 |  4- 6 || total
-------------------------+-------+-------++-------
Melee: Long sword        |   116 |    65 ||   181
  Use: Potion            |       |     1 ||     1
  Eat: Chunk             |     1 |     2 ||     3
Armor: Leather armour    |    59 |    36 ||    95
Dodge: Dodged            |    85 |    56 ||   141
Block: Shield            |       |    26 ||    26
       Rpst.: Long sword |    12 |    16 ||    28
